Map: Orbital Shipyard

Players

Bop - Winner!

  • Race: Zerg Zerg

flatMap

  • Race: Protoss Protoss

VOD

Have the link to the VOD?

Description

Time

  • Played on: May 6, 2015, 3:30 a.m.
  • Length: 10:57
Show
View Real Time Build Order
Export as new Build Order

Bop Zerg - Winner!

Build Orders: Hatch First, Lurkers 

Get SALT Encoding   

  12  0:00  Drone  
  13  0:13  Overlord  
  13  0:19  Drone  
  14  0:32  Drone x2  
  16  0:38  Drone  
  17  0:50  Drone  
  17  0:56  Hatchery  
  17  1:00  Drone  
  18  1:17  Spawning Pool  
  17  1:42  Extractor  
  16  1:58  Overlord  
  16  2:03  Drone x2  
  16  2:05  Queen  
  20  2:09  Queen  
  20  2:13  Zergling x4  
  24  2:29  Drone x2  
  26  2:35  Drone x2  
  28  2:40  Queen  
  30  2:45  Queen  
  30  2:50  Metabolic Boost  
  32  2:52  Overlord  
  32  2:55  Drone  
  32  2:58  Drone  
  34  3:02  Drone  
  35  3:12  Drone x4  
  39  3:23  Drone x4  
  39  3:26  Overlord  
  43  3:32  Lair  
  43  3:38  Zergling x2  
  43  3:44  Zergling x8  
  47  3:54  Zergling x10  
  52  4:02  Overlord  
  52  4:05  Overlord  
  52  4:10  Overlord  
  52  4:16  Zergling x2  
  52  4:17  Overlord  
  51  4:25  Zergling x2  
  51  4:26  Zergling x12  
  58  4:31  Hydralisk Den  
  58  4:35  Overlord  
  57  4:41  Zergling x8  
  58  4:55  Zergling x12  
  60  5:03  Overseer  
  60  5:04  Lurker Den  
  58  5:08  Overlord  
  58  5:09  Drone, Extractor x2  
  58  5:10  Drone x4  
  58  5:14  Overlord  
  61  5:27  Zergling x4  
  61  5:33  Drone x6  
  67  5:36  Queen, Extractor  
  67  5:42  Drone x3  
  71  5:43  Infestation Pit  
  71  5:49  Drone x2  
  72  5:55  Drone  
  72  5:56  Drone  
  71  6:04  Overlord x2  
  70  6:13  Overseer  
  70  6:17  Hydralisk  
  70  6:18  Hydralisk x4  
  80  6:32  Zergling x8  
  84  6:37  Hatchery  
  83  6:44  Lurker x3  
  83  6:46  Drone x2  
  83  6:47  Drone x3  
  91  6:55  Overlord  
  88  7:10  Zergling x16  
  88  7:11  Zergling x2  
  88  7:12  Lurker x2  
  99  7:16  Hive  
  99  7:23  Drone x5  
  104  7:37  Zergling x2  
  104  7:38  Zergling x4  
  104  7:41  Overlord  
  106  7:46  Extractor  
  106  7:51  Zergling x6, Extractor  
  104  7:52  Zergling x8  
  104  7:53  Evolution Chamber  
  104  7:58  Overlord  
  110  7:59  Hydralisk x3  
  110  8:10  Hydralisk x4  
  111  8:26  Zergling x14  
  116  8:30  Overlord  
  113  8:40  Zergling x2  
  113  8:41  Zergling x10  
  119  8:45  Zerg Melee Weapons Level 1  
  119  8:46  Adrenal Glands  
  119  8:47  Ultralisk Cavern  
  110  9:05  Drone x5  
  112  9:19  Lurker x2  
  112  9:20  Lurker x4  
  112  9:22  Zergling x22  
  126  9:35  Overlord  
  126  9:36  Overlord  
  126  9:38  Chitinous Plating  
  122  9:43  Ultralisk  
  125  9:46  Overlord  
  125  9:47  Overlord  
  125  9:51  Zergling x2  
  126  10:02  Ultralisk, Zergling x10  
  137  10:10  Overlord x2  
  131  10:18  Zergling x2  
  131  10:19  Zergling x8  
  104  10:36  Zergling x6  
Show
View Real Time Build Order
Export as new Build Order

flatMap Protoss 

Build Orders: 1 Gate Expand, Blink Stalkers 

Get SALT Encoding   

  12  0:00  Probe  
  13  0:13  Pylon  
  13  0:18  Probe  
  14  0:31  Probe (Chrono Boost)  
  15  0:41  Probe (Chrono Boost)  
  16  0:45  Gateway  
  16  0:48  Probe  
  17  1:01  Probe, Pylon  
  18  1:13  Probe  
  19  1:26  Nexus  
  19  1:31  Probe  
  19  1:35  Assimilator  
  19  1:37  Assimilator  
  19  1:43  Probe  
  20  1:49  Cybernetics Core  
  20  1:57  Probe  
  20  2:00  Pylon  
  21  2:09  Probe  
  22  2:18  Zealot  
  22  2:21  Probe (Chrono Boost)  
  25  2:25  Warp Gate (Chrono Boost)  
  25  2:34  Mothership Core (Chrono Boost)  
  27  2:42  Probe (Chrono Boost)  
  28  2:50  Probe x2 (Chrono Boost)  
  30  2:57  Twilight Council  
  30  2:58  Probe (Chrono Boost)  
  32  2:59  Probe (Chrono Boost)  
  32  3:05  Probe  
  33  3:07  Probe  
  34  3:17  Gateway, Probe  
  34  3:18  Gateway  
  35  3:21  Gateway  
  35  3:26  Probe (Chrono Boost)  
  36  3:29  Probe (Chrono Boost)  
  36  3:32  Pylon  
  37  3:40  Probe (Chrono Boost)  
  39  3:42  Probe (Chrono Boost), Blink (Chrono Boost)  
  39  3:43  Sentry  
  39  3:47  Probe  
  42  3:51  Probe  
  43  3:59  Pylon  
  43  4:00  Probe  
  44  4:03  Probe  
  45  4:12  Probe  
  45  4:15  Probe  
  45  4:25  Probe  
  45  4:28  Stalker, Probe  
  45  4:29  Stalker  
  50  4:32  Pylon  
  50  4:34  Pylon  
  50  4:37  Probe  
  49  4:45  Zealot  
  49  4:49  Pylon  
  49  5:00  Probe (Chrono Boost)  
  49  5:04  Probe (Chrono Boost)  
  50  5:13  Nexus  
  50  5:14  Stalker x4  
  56  5:15  Probe (Chrono Boost)  
  56  5:16  Probe (Chrono Boost), Pylon  
  60  5:23  Probe  
  61  5:29  Probe  
  62  5:38  Stalker, Gateway x2  
  62  5:41  Sentry x2, Gateway  
  62  5:42  Sentry  
  70  5:43  Gateway  
  70  5:44  Probe  
  70  5:48  Assimilator  
  71  5:52  Assimilator  
  71  5:57  Forge  
  71  6:05  Probe x2  
  73  6:11  Stalker  
  73  6:12  Stalker x2  
  73  6:16  Pylon  
  79  6:19  Pylon  
  79  6:29  Probe (Chrono Boost)  
  79  6:32  Probe x2 (Chrono Boost), Colossus  
  82  6:38  Stalker x3  
  82  6:39  Probe (Chrono Boost)  
  89  6:41  Probe x2 (Chrono Boost)  
  89  6:45  Probe (Chrono Boost), Photon Cannon  
  89  6:46  Probe x2  
  92  6:48  Pylon  
  92  6:51  Protoss Ground Weapons Level 1 (Chrono Boost)  
  92  6:52  Probe  
  94  6:54  Probe  
  94  7:13  Stalker x2  
  94  7:14  Stalker x3  
  94  7:15  Pylon  
  104  7:21  Stalker x2  
  108  7:22  Stalker  
  106  7:41  Stalker x4  
  106  7:43  Zealot  
  116  7:47  Assimilator  
  116  7:50  Stalker  
  116  7:51  Stalker, Zealot  
  120  7:52  Assimilator  
  120  7:56  Pylon  
  122  7:59  Pylon  
  122  8:00  Pylon  
  87  8:16  Stalker x5  
  83  8:37  Robotics Facility  
  69  8:43  Stalker x2  
  69  8:44  Stalker x2, Zealot x2  
  69  8:45  Zealot x2  
  85  8:51  Nexus  
  85  8:53  Nexus  
  85  8:55  Pylon  
  79  9:05  Stalker  
  79  9:06  Stalker x4  
  79  9:07  Stalker  
  79  9:33  Stalker x7  
  86  9:46  Nexus  
  84  9:55  Observer (Chrono Boost)  
Tags
 
Add a new tag
Caveats
  • Supply blocks, unpowered buildings, or Contaminate may cause inaccurate times.
  • Supply counts are checked every 10 seconds.